 Dungeon Crawl Stone Soup version 0.31.0-11-ge490571c62 (webtiles) character file.

Game seed: 7031805357555982470

49 Gadfly the Insei (level 3, 0/29 HPs)
             Began as a Demonspawn Monk on Feb 2, 2024.
             Slain by an orc
             ... wielding a +0 war axe
              (7 damage)
             ... on level 3 of the Dungeon.
             The game lasted 00:03:10 (2218 turns).

Gadfly the Insei (Demonspawn Monk)                  Turns: 2218, Time: 00:03:11

Health: 0/29       AC:  3    Str: 13    XL:     3   Next: 51%
Magic:  3/3        EV: 13    Int: 10    God:
Gold:   108        SH:  0    Dex: 15    Spells: 2/2 levels left

rFire   . .          .
                       - Unarmed
rCold   . . .        c - orb {light}
rNeg    . . .        a - +0 robe
rPois   .            (no helmet)
rElec   .            l - +0 cloak
rCorr   .            (no gloves)
SInv    .            (no boots)
Will    .....        (no amulet)
Stlth   +            (no ring)
HPRegen 0.24/turn    (no ring)
MPRegen 0.08/turn

%: no passive effects
@: glowing
A: demonic guardian 1
a: no special abilities


You were on level 3 of the Dungeon.
You visited 1 branch of the dungeon, and saw 3 of its levels.

You collected 108 gold pieces.

Inventory:

Hand Weapons
 b - a +1 short sword of flaming
Armour
 a - a +0 robe (worn)
 c - an orb of light (worn)
 l - a +0 cloak (worn)
Scrolls
 k - a scroll of teleportation
Potions
 d - a potion of curing
 e - 4 potions of lignification
 f - 2 potions of ambrosia
 h - 2 potions of brilliance {unknown}
 j - 2 potions of enlightenment {unknown}


   Skills:
 - Level 3.0 Fighting
 + Level 3.0 Dodging
 * Level 3.1 Unarmed Combat
 * Level 1.5 Evocations
 * Level 1.1 Shapeshifting


You had 2 spell levels left.
You didn't know any spells.
Your spell library contained the following spells:

 Spells                   Type           Power      Damage    Failure   Level
 Vhi's Electric Charge    Tloc/Air       0%         N/A       98%         4
 Arcjolt                  Conj/Air       0%         1d10      100%        5
 Maxwell's Capacitive Co  Air            0%         ∞         100%        8


Dungeon Overview and Level Annotations

Branches:
Dungeon (3/15)

Altars:


Innate Abilities, Weirdness & Mutations

A weak demonic guardian rushes to your aid.


Message History

There is a stone staircase leading down here.
You climb downwards.
Found a stone staircase leading down.
There is a stone staircase leading up here.
There is a stone staircase leading down here.
You open the door.
There is an open door here.
Found an escape hatch in the floor.
Found a white marble altar of Elyvilon.
An orc comes into view. It is wielding a +0 mace.
An orc is nearby!
Found a sling.
The orc shouts!
You hear a shout!
An orc comes into view. It is wielding a +0 club.
An orc comes into view. It is wielding a +0 war axe.
The orc shouts! x2
An orc priest comes into view. It is wielding a +0 whip.
An orc wizard comes into view. It is wielding a +0 dagger.
The orc wizard shouts!
The orc wizard casts a spell.
The orc wizard flickers and vanishes!
Deactivating autopickup; reactivate with Ctrl-A.
You hit the orc but do no damage. You hit the orc.
The orc is severely wounded.
An orc comes into view. It is wielding a +0 short sword.
The orc closely misses you.
You barely miss the orc.
The orc is severely wounded.
The orc hits you but does no damage.
You barely miss the orc.
The orc is heavily wounded.
The orc priest mumbles some strange prayers to Beogh against you.
Beogh smites you!
A demonic guardian appears!
You hit the orc.
The orc is severely wounded.
The orc hits you with a +0 club. The orc hits you with a +0 mace.
* * * LOW HITPOINT WARNING * * *
The orc hits you with a +0 war axe!
You die...

#.# #.# ... #.#
... #.# P..#
#.######## ....#
#.#......##+#...+#
#.#......5...._...
#.........o.......
###.......@.ooo...
#.......oo..P...
#...........P...
#######.....P)..
#.....P...
#####...+# .....
.#.##


You could see an orc priest, an orc wizard (invisible), 4 orcs and a friendly
quasit (summoned).

Vanquished Creatures
  6 ball pythons
  2 endoplasms (D:1)
  A giant cockroach (D:1)
  7 goblins
  2 hobgoblins
  5 jackals
  4 quokkas
  6 bats
  5 kobolds
  2 rats (D:1)
40 creatures vanquished.

Vanquished Creatures (collateral kills)
  A hobgoblin (D:2)
1 creature vanquished.

Grand Total: 41 creatures vanquished

Notes
Turn   | Place    | Note
-------+----------+-------------------------------------------
     0 | D:1      | Gadfly the Demonspawn Monk began the quest for the Orb.
     0 | D:1      | Reached XP level 1. HP: 18/18 MP: 1/1
   133 | D:1      | Gained mutation: A weak demonic guardian rushes to your
                  | aid. [demonic ancestry]
   133 | D:1      | Reached XP level 2. HP: 17/24 MP: 2/2
   374 | D:1      | Reached skill level 1 in Evocations
   835 | D:1      | Reached XP level 3. HP: 24/29 MP: 3/3
  1396 | D:2      | Reached skill level 1 in Shapeshifting
  2218 | D:3      | Slain by an orc

Illustrated notes

Levels and vault maps discovered:
D:1:      dpeg_arrival_pond, layout_loops_ring, serial_rivers,
          chequers_serial_rivers_micro_e, chequers_serial_rivers_micro_e,
          chequers_serial_rivers_small_3, chequers_serial_rivers_room_a
D:2:      layout_basic
D:3:      layout_basic, mainiacjoe_overflow_boulevard, serial_shops, shop,
          uniq_robin, uniq_ijyb, uniq_pargi

Skill      XL: |  1  2  3 |
---------------+----------+-----
Evocations     | 1 |  1.5
Unarmed Combat | 3 |  3.1
Dodging        | 3 |  3.0
Shapeshifting  | 1 |  1.1
Fighting       | |  3.0

Action                     || total
---------------------------++-------
  Melee: Unarmed           ||   133
    Use: Scroll            ||     7
         Potion            ||     1
 Armour: Robe              ||    61
  Dodge: Dodged            ||   106
